 Dungeon Crawl Stone Soup version 0.18.1-6-gd335043 (webtiles) character file.

415 deorigin the Chiller (level 6, -7/41 HPs)
             Began as a Merfolk Ice Elementalist on May 18, 2016.
             Mangled by an ogre
             ... wielding a +0 giant spiked club
              (23 damage)
             ... on level 4 of the Dungeon.
             The game lasted 00:16:04 (5164 turns).

deorigin the Chiller (Merfolk Ice Elementalist)     Turns: 5164, Time: 00:16:05

Health: -7/41      AC: 10    Str:  9    XL:     6   Next: 92%
Magic:  6/9        EV: 13    Int: 16    God:
Gold:   175        SH:  0    Dex: 14    Spells: 3 memorised, 1 level left

rFire  . . .     SeeInvis .     y - +0 dagger (elec)
rCold  . . .     Gourm    .     a - +0 robe
rNeg   . . .     Faith    .     (no shield)
rPois  .         Spirit   .     u - +1 helmet
rElec  .         Dismiss  .     (no cloak)
rCorr  .         Reflect  .     (no gloves)
SustAt .         Harm     .     (no boots)
MR     .....                    (no amulet)
Stlth  ++........               (no ring)
                                (no ring)

@: icy armour, slow, not resistant to hostile enchantments, unstealthy
A: change form in water, swift swim
a: no special abilities


You were on level 4 of the Dungeon.
You were not hungry.

You visited 1 branch of the dungeon, and saw 4 of its levels.

You collected 175 gold pieces.

Inventory:

Hand Weapons
 f - a +0 club
 g - a +0 hand axe
 y - a +0 dagger of electrocution (weapon)
 z - a +0 flail of protection
Armour
 a - a +0 robe (worn)
 e - a +0 leather armour
 o - a +0 ring mail
 u - a +1 helmet (worn)
Jewellery
 m - an uncursed amulet of guardian spirit {unknown}
Wands
 x - a wand of random effects (37/48)
Scrolls
 d - a scroll of amnesia
 i - a scroll of enchant armour
 l - a scroll of fog {unknown}
 r - a scroll of teleportation {unknown}
 s - a scroll of noise {unknown}
 A - a scroll of magic mapping {unknown}
 C - a scroll of immolation {unknown}
Potions
 j - 4 potions of curing
 k - a potion of invisibility
 n - 2 potions of might
 q - 2 potions of lignification
 v - a potion of haste {unknown}
 D - a potion of resistance {unknown}
Books
 b - a book of Frost

   Spells                             Type                      Level
   a - Freeze                         Ice                          1
   b - Throw Frost                    Conjuration/Ice              2
   c - Ozocubu's Armour               Charms/Ice                   3
   d - Throw Icicle                   Conjuration/Ice              4
   e - Summon Ice Beast               Ice/Summoning                4
Comestibles
 c - 3 bread rations
 p - a meat ration
 t - a beef jerky
 w - a slice of pizza
 B - 3 chunks of flesh


   Skills:
 - Level 2.6 Dodging
 - Level 2.1 Stealth
 - Level 2.0 Spellcasting
 + Level 2.5 Conjurations
 - Level 7.5 Ice Magic


You had one spell level left.
You knew the following spells:

 Your Spells              Type           Power        Failure   Level  Hunger
a - Freeze                Ice            ####         1%          1    #......
b - Ozocubu's Armour      Chrm/Ice       ##......     14%         3    ###....
c - Throw Icicle          Conj/Ice       ###.....     28%         4    #####..


Dungeon Overview and Level Annotations

Branches:
Dungeon (4/15)
 Temple: D:4-7

Altars:
Gozag


Message History

A film of ice covers your body! The ogre closely misses you.
You hit the ogre.
The ogre is lightly wounded.
The walls and floor vibrate strangely for a moment.
The ogre barely misses you.
You barely miss the ogre.
The ogre is lightly wounded.
The ogre hits you with a giant spiked club!!
Ouch! That really hurt!
You hit the ogre.
There is a sudden explosion of sparks!
The ogre is heavily wounded.
You barely miss the ogre.
The ogre is heavily wounded.
The ogre barely misses you.
You barely miss the ogre.
The ogre is heavily wounded.
The ogre hits you with a giant spiked club!!
Ouch! That really hurt!
You die...

#...# #....# .. #...# #....# ..
#####...##### #....# ..
#...........#### #....# ...
###.##.....#.....## #....# ...
#.................###....# ....
#..................##))..#.....
#..................###..........
###...........O@...####..##..)..
#......................# ....
#...................#..# . .
##.......<...........#.... .#
##.......................# #
##................####..## #
##..##....######...##..#.##
#####.....### ###.#.......
#.##....## ..O......


You could see an ogre.

Vanquished Creatures
  Purgy (D:3)
  Blork the orc (D:3)
  An orc wizard (D:4)
  Terence (D:3)
  A worker ant (D:3)
  Robin (D:2)
  5 adders
  2 oozes
  A worm (D:2)
  2 dart slugs
  2 giant geckos (D:2)
  6 orcs
  4 ball pythons
  5 giant cockroaches
  11 goblins
  12 hobgoblins
  7 jackals (D:1)
  3 quokkas
  14 bats
  4 giant newts
  7 kobolds
  7 rats
98 creatures vanquished.

Notes
Turn   | Place    | Note
--------------------------------------------------------------
     0 | D:1      | deorigin the Merfolk Ice Elementalist began the quest for the Orb.
     0 | D:1      | Reached XP level 1. HP: 13/13 MP: 3/3
   233 | D:1      | Reached XP level 2. HP: 9/19 MP: 0/5
   257 | D:1      | Reached skill level 4 in Ice Magic
  1011 | D:1      | Reached XP level 3. HP: 24/24 MP: 3/6
  1802 | D:2      | Found an opulent altar of Gozag.
  1829 | D:2      | Learned a level 3 spell: Ozocubu's Armour
  1842 | D:2      | Reached skill level 5 in Ice Magic
  1952 | D:2      | Reached XP level 4. HP: 26/30 MP: 4/7
  2303 | D:2      | Noticed Robin
  2340 | D:2      | Killed Robin
  2894 | D:2      | Reached skill level 6 in Ice Magic
  2957 | D:2      | Reached XP level 5. HP: 35/35 MP: 5/8
  3362 | D:3      | Noticed Purgy
  3542 | D:3      | Noticed Terence
  3551 | D:3      | Killed Terence
  3990 | D:3      | Killed Purgy
  3990 | D:3      | Reached skill level 7 in Ice Magic
  3990 | D:3      | Reached XP level 6. HP: 24/41 MP: 2/9
  4119 | D:3      | Learned a level 4 spell: Throw Icicle
  4461 | D:4      | Noticed Blork the orc
  4470 | D:3      | Reached skill level 1 in Conjurations
  4630 | D:3      | Killed Blork the orc
  5091 | D:4      | Found a sand-covered staircase.
  5164 | D:4      | Mangled by an ogre

Skill      XL: |  1  2  3  4  5  6 |
---------------+-------------------+-----
Ice Magic      | 4 5 6 7 |  7.5
Conjurations   | 2 |  2.5
Dodging        | |  2.6
Stealth        | |  2.1
Spellcasting   | |  2.0

Action                   |  1- 3 |  4- 6 || total
-------------------------+-------+-------++-------
Melee: Unarmed           |    16 |       ||    16
       Hand axe          |    53 |    40 ||    93
       Dagger            |       |    32 ||    32
 Cast: Freeze            |    48 |    80 ||   128
       Ozocubu's Armour  |       |     1 ||     1
  Use: Scroll            |       |     6 ||     6
 Stab: Sleeping          |     1 |       ||     1
       Distracted        |       |     1 ||     1
  Eat: Chunk             |     4 |    10 ||    14
       Beef jerky        |       |     1 ||     1
Armor: Robe              |    20 |    10 ||    30
       Leather armour    |       |    18 ||    18
Dodge: Dodged            |    90 |    84 ||   174
